Map: Rifts to Korhal

Players

Adrian

  • Race: Terran Terran
  • Spawn Location: 7:00

NamroodTuo

  • Race: Terran Terran

VOD

Have the link to the VOD?

Description

Time

  • Played on: June 9, 2023, 7:50 a.m.
  • Length: 22:01
Show
View Real Time Build Order
Export as new Build Order

Adrian Terran 

Build Orders:  

Get SALT Encoding   

  12  0:05  SCV  
  13  0:19  SCV  
  14  0:27  Refinery  
  14  0:37  Refinery  
  14  0:39  SCV  
  15  0:50  Supply Depot  
  15  1:20  SCV  
  16  1:33  SCV, Factory  
  17  1:47  SCV  
  18  2:00  SCV  
  19  2:14  SCV  
  19  2:15  Hellbat  
  20  2:28  SCV  
  23  2:33  Perdition Turret  
  23  2:48  Devastation Turret  
  23  3:03  Perdition Turret  
  23  3:12  Factory Tech Reactor  
  23  3:32  Supply Depot  
  23  3:38  Hellion  
  23  3:41  SCV  
  23  3:46  Command Center  
  24  3:55  SCV  
  25  4:06  Siege Tank  
  25  4:09  SCV  
  29  4:22  SCV  
  30  4:32  SCV  
  30  4:36  SCV  
  32  4:46  SCV  
  32  4:49  SCV  
  33  4:59  SCV  
  35  5:13  SCV  
  36  5:21  Armory  
  36  5:27  SCV  
  36  5:29  SCV  
  38  5:40  Siege Tank  
  38  5:43  Starport  
  41  6:32  SCV  
  42  6:46  SCV  
  42  6:49  Supply Depot  
  43  6:52  Supply Depot  
  43  6:53  Siege Tank x2  
  43  7:00  SCV  
  43  7:02  Refinery  
  43  7:05  Refinery, Supply Depot  
  43  7:07  SCV  
  45  7:13  SCV  
  45  7:17  Supply Depot  
  46  7:20  Ares-Class Targeting System  
  46  7:21  SCV  
  46  7:27  SCV  
  48  7:34  SCV  
  49  7:40  SCV  
  49  7:45  Starport Tech Reactor  
  49  7:48  SCV  
  51  7:50  Supply Depot  
  51  7:51  Siege Tank x2, Supply Depot  
  51  7:54  SCV  
  58  8:01  SCV  
  59  8:12  Armory  
  59  8:18  Regenerative Bio-Steel  
  59  8:20  Multi-Lock Weapons System  
  59  9:18  Upgrade Laser Drill Level 1  
  59  9:22  SCV  
  60  9:35  SCV  
  61  9:43  Devastation Turret  
  61  9:48  Advanced Optics  
  61  9:49  SCV  
  62  9:50  Maelstrom Rounds  
  62  10:02  SCV  
  62  10:09  Thor x2  
  75  10:13  Devastation Turret  
  75  10:16  SCV  
  75  10:19  Terran Vehicle and Ship Weapons Level 1  
  76  10:37  Siege Tank x4  
  76  10:43  Supply Depot  
  76  11:00  330mm Barrage Cannon  
  76  11:05  Science Vessel  
  76  11:09  Science Vessel  
  80  11:14  Supply Depot  
  80  11:17  Siege Tank x4  
  80  11:46  Supply Depot  
  80  11:48  Terran Vehicle And Ship Armor Level 1  
  80  12:13  Thor x2  
  92  12:49  Improved Nano-Repair  
  92  13:03  Goliath  
  92  13:05  Goliath  
  96  13:13  Supply Depot  
  96  13:14  Supply Depot  
  96  13:31  Supply Depot  
  96  13:40  Supply Depot  
  96  13:49  Defensive Matrix  
  96  13:53  SCV, Supply Depot  
  96  13:59  Siege Tank x4  
  97  14:00  Devastation Turret  
  97  14:06  SCV  
  98  14:11  Upgrade Laser Drill Level 2  
  98  14:17  Devastation Turret  
  98  14:20  SCV  
  98  14:22  Perdition Turret  
  99  14:34  Perdition Turret  
  99  14:41  Perdition Turret  
  99  14:48  Goliath x2  
  103  14:55  Terran Vehicle and Ship Weapons Level 2  
  103  14:56  Terran Vehicle And Ship Armor Level 2, Supply Depot  
  103  15:01  Supply Depot  
  103  15:02  Supply Depot  
  103  15:03  Supply Depot  
  103  15:19  Pulse Amplifier  
  103  15:20  Goliath x2  
  103  15:28  Supply Depot  
  107  15:35  Devastation Turret  
  107  15:37  Devastation Turret  
  107  15:38  Siege Tank x4  
  107  16:04  Devastation Turret  
  107  16:07  Devastation Turret  
  107  16:19  Displacement Field  
  107  16:36  Supply Depot  
  107  16:41  Supply Depot  
  107  17:14  Thor x2  
  119  17:20  Supply Depot  
  119  17:27  Engineering Bay  
  119  17:29  Engineering Bay  
  117  19:26  Hellbat  
  117  19:27  Goliath  
  121  19:40  Wraith  
  121  19:41  Wraith  
  121  19:42  Siege Tank x4  
  125  19:50  Hellbat  
  125  19:52  Fire-Suppression Systems  
  125  19:53  KMC Auto-Loaders, Hellbat  
  129  20:14  Hellbat  
  129  20:18  Siege Tank x3  
  129  20:20  Wraith  
  129  20:21  Wraith, Siege Tank  
  135  21:00  Wraith  
  135  21:01  Wraith  
  126  21:36  Perdition Turret  
Show
View Real Time Build Order
Export as new Build Order

NamroodTuo Terran 

Build Orders:  

Get SALT Encoding   

  12  0:05  SCV  
  13  0:22  SCV  
  14  0:39  SCV  
  15  0:56  SCV  
  16  1:13  SCV  
  16  1:17  Refinery  
  17  1:21  Refinery  
  17  1:30  SCV  
  18  1:46  Command Center  
  18  1:53  SCV  
  19  2:10  SCV  
  20  2:27  SCV  
  21  2:38  Engineering Bay  
  21  3:01  Tychus  
  20  3:18  SCV  
  21  3:25  Outlaw Weapons Level 1  
  21  3:26  Engineering Bay  
  21  3:40  SCV  
  22  3:52  Gunslingers Hideout  
  22  3:57  SCV  
  22  3:59  Fixers Safehouse  
  23  4:17  SCV  
  24  4:45  Command Center  
  24  5:04  James Sirius Sykes  
  34  5:17  Outlaw Life and Armor Level 1  
  34  5:23  SCV  
  34  5:25  ITC-E Triggers  
  35  5:40  SCV  
  36  5:57  SCV  
  37  6:09  SCV  
  38  6:14  SCV  
  39  6:26  SCV  
  40  6:31  SCV  
  41  6:43  SCV  
  41  6:48  SCV  
  43  7:00  SCV  
  43  7:04  SCV  
  45  7:17  SCV  
  46  7:32  Muscle Armory  
  46  7:53  Medivac Platform  
  46  7:57  SCV  
  47  8:02  SCV  
  47  8:09  Refinery  
  48  8:12  Refinery  
  48  8:14  SCV  
  48  8:19  SCV  
  50  8:36  SCV  
  51  8:53  SCV  
  52  9:10  SCV  
  52  9:18  Kev Rattlesnake West  
  63  9:22  Rob Cannonball Boswell  
  63  9:27  SCV  
  74  10:24  Outlaw Weapons Level 2  
  74  10:26  Outlaw Life and Armor Level 2  
  74  10:31  Umojan Signal Modulator  
  74  10:44  SCV  
  75  11:01  SCV  
  76  11:18  SCV  
  77  11:35  SCV  
  78  11:44  Medivac Platform  
  78  11:52  SCV  
  78  11:56  Vega  
  89  12:44  Flashforce GDM Visor  
  89  12:46  Endurance Supplements  
  89  12:55  SA-55 Thunderbolt Missiles  
  89  12:56  D99 Detonator, Moebius M34 Terror Rounds  
  89  14:58  Outlaw Weapons Level 3  
  89  15:00  Outlaw Life and Armor Level 3  
  89  15:08  Kel-Morian Ripper Rounds  
  89  15:12  Neural Disruption Device, Moebius Psionic Motivator  
  89  15:14  Psi Projector  
  89  17:06  Vanadium Shell, KD9a Implosion Core  
  89  17:10  Type-88 Persuader  
  89  17:40  Big Red Button  
  89  18:44  Outlaw Weapons Level 4  
  89  18:49  Moebius Aggression Blend, Secret Stash Stimpack  
  89  19:29  SureShot Networked Helmet  
Tags
 
Commander
SwannTychus
Matchup
Co-op
Replay Pack
Multiplayer
Add a new tag
Caveats
  • Supply blocks, unpowered buildings, or Contaminate may cause inaccurate times.
  • Supply counts are checked every 10 seconds.